 Dungeon Crawl Stone Soup version 0.25-a0-949-gdd2af9e06e (webtiles) character file.

Game seed: 5771667519893655984, levelgen mode: deterministic

6253 MisterFreud the Nimble (level 10, -34/71 (72) HPs)
             Began as an Octopode Gladiator on May 8, 2020.
             Was a Follower of Cheibriados.
             Killed from afar by a fire dragon (69 damage)
             ... with a blast of flame
             ... on level 8 of the Dungeon.
             The game lasted 00:13:56 (11690 turns).

MisterFreud the Nimble (Octopode Gladiator)        Turns: 11690, Time: 00:13:56

HP:   -34/71 (72)   AC:  3    Str: 16    XL:     10   Next: 93%
MP:   12/13         EV: 20    Int: 17    God:    Cheibriados [*.....]
Gold: 313           SH:  0    Dex: 17    Spells: 9/9 levels left

rFire    x . .     SeeInvis .   a - +0 long sword
rCold    + + .     Gourm    .   (no shield)
rNeg     . . .     Faith    .   f - +2 hat
rPois    .         Spirit   .   A - amulet of regeneration
rElec    .         Reflect  .   r - ring of protection from cold
rCorr    .         Harm     .   B - +4 ring of slaying
MR       .....                  D - ring of wizardry
Stlth    +++.......             G - ring of ice
HPRegen  0.61/turn              (no ring)
MPRegen  0.13/turn              (no ring)
                                (no ring)
                                (no ring)

@: very slow
A: almost no armour, stealthy swim, amphibious, 8 rings, constrict 8, camouflage
1, gelatinous body 1
a: Bend Time, Renounce Religion


You were on level 8 of the Dungeon.
You worshipped Cheibriados.
Cheibriados was aware of your devotion.
You were hungry.

You visited 2 branches of the dungeon, and saw 10 of its levels.

You collected 523 gold pieces.
You spent 210 gold pieces at shops.

Inventory:

Hand Weapons
 a - a +0 long sword (weapon)
Missiles
 c - 4 throwing nets (quivered)
Armour
 b - a +0 hat
 f - a +2 hat (worn)
Jewellery
 r - a ring of protection from cold (left tentacle)
 A - an amulet of regeneration (around mantle)
 B - a +4 ring of slaying (right tentacle)
 D - a ring of wizardry (on tentacle)
 G - a ring of ice (on tentacle)
Wands
 p - a wand of paralysis (11)
 y - a wand of polymorph (4)
 z - a wand of iceblast (8)
 E - a wand of acid (3)
Scrolls
 e - a scroll of noise {unknown}
 h - 5 scrolls of teleportation
 i - 4 scrolls of fog {unknown}
 l - 6 scrolls of remove curse {unknown}
 m - a scroll of enchant armour {unknown}
 n - 4 scrolls of amnesia {unknown}
 o - 5 scrolls of enchant weapon {unknown}
 q - 5 scrolls of immolation {unknown}
 w - 2 scrolls of fear
 x - 4 scrolls of identify
 C - a scroll of blinking {unknown}
 F - 2 scrolls of magic mapping {unknown}
 H - a scroll of random uselessness {unknown}
Potions
 g - a potion of heal wounds
 j - 2 potions of berserk rage
 k - a potion of flight {unknown}
 s - 4 potions of curing
 t - a potion of degeneration
 u - a potion of might
 v - a potion of magic
 I - a potion of lignification {unknown}
Comestibles
 d - 6 rations
 J - 2 chunks of flesh


   Skills:
 - Level 8.0 Fighting
 - Level 10.0 Long Blades
 - Level 2.0 Throwing
 - Level 10.0 Dodging
 + Level 5.2 Invocations


You had 9 spell levels left.
You didn't know any spells.
Your spell library contained the following spells:

 Spells                   Type           Power        Failure   Level  Hunger
 Animate Skeleton         Necr           N/A          10%         1    ##.....
 Apportation              Tloc           #.....       10%         1    ##.....
 Corona                   Hex            #......      10%         1    ##.....
 Summon Small Mammal      Summ           #...         10%         1    ##.....


Dungeon Overview and Level Annotations

Branches:
Dungeon (9/15)             Temple (1/1) D:4
   Lair: D:8-11         Orc: D:9-12

Altars:
Ashenzari
Cheibriados
Dithmenos
Elyvilon
Fedhas
Gozag
Hepliaklqana
Kikubaaqudgha
Makhleb
Nemelex Xobeh
Okawaru
Qazlal
Ru
Sif Muna
Trog
Uskayaw
Vehumet
Wu Jian
Xom
Yredelemnul
Zin
The Shining One
Beogh

Shops:
D:4 ?   D:6 [

Annotations:
D:3 2 transporters, Hasart's ghost, amateur DEIE


Innate Abilities, Weirdness & Mutations

You cannot wear most types of armour.
You are very stealthy in the water. (Stealth+)
You are amphibious.
You can wear up to eight rings at the same time.
You can use your tentacles to constrict eight enemies at once.
Your skin changes colour to match your surroundings (Stealth+).
Your rubbery body absorbs attacks. (AC +1, EV +1)


Message History

You kill the ice beast!
Cheibriados thoroughly appreciates the change of pace.
Your Invocations skill increases to level 5!
Unknown command.
Unknown command.
Okay, then.
Unknown command.
Unknown command.
Unknown command.
Unknown command.
Evoke which item? (* to show all) (? for menu, Esc to quit)
Aiming: Corrosive Bolt
Press: ? - help, Shift-Dir - straight line, f - centaur
Aim: a centaur, quivering 15 arrows (severely wounded)
The bolt of acid misses the fire dragon.
The bolt of acid misses the centaur.
The fire dragon breathes flames at you. The blast of flame hits you!!!
The fire burns you terribly!
Ouch! That really hurt!
You die...

#...<..#.......D
#.#.##.#.......Y
#...##.#....oc.. ####
#.#....#....F.z. #...
#.####.#.......{ #...
#######.#D......D #...
#.......#c.?Y.... #...
###.......#D##############'##
#.#.......#.@.......#8.......
#.#......รท#.........#........
#.#.......#.........#........
#.#.......#.........'........
#.........###################
###......## #.<.... #......#
####.####. #......# #......##.
#......# #......##.


You could see a fire dragon, an acid dragon and a centaur.

Vanquished Creatures
  A skeletal warrior (D:8)
  Pikel (D:4)
  2 hippogriffs (D:7)
  Sigmund (D:2)
  2 hungry ghosts
  Menkaure (D:4)
  Edmund (D:4)
  An acid dragon (D:8)
  3 ice beasts
  2 orc warriors (D:7)
  A slave (D:5)
  2 sky beasts
  2 necrophages
  2 phantoms
  5 ogres
  4 centaurs
  4 bullfrogs
  A big kobold (D:7)
  A water moccasin zombie (D:8)
  A scorpion (D:9)
  11 killer bees (D:7)
  2 howler monkeys
  A centaur zombie (D:5)
  2 crimson imps (D:5)
  Crazy Yiuf (D:2)
  3 hounds
  A jelly (D:7)
  10 orc wizards
  2 bullfrog skeletons
  3 centaur skeletons
  5 orc priests
  A gnoll shaman (D:6)
  2 iguanas
  Jessica (D:2)
  6 worker ants
  2 killer bee zombies (D:7)
  2 hound zombies
  4 gnolls (D:3)
  8 adders
  2 shadow imps
  An ooze (D:6)
  A worm (D:8)
  An adder skeleton (D:9)
  A dart slug (D:1)
  3 leopard geckos
  47 orcs
  11 bats
  8 giant cockroaches
  13 goblins
  3 hobgoblins
  13 jackals
  3 quokkas
  5 frilled lizards
  10 kobolds
  A leopard gecko skeleton (D:6)
  12 rats
  A plant (D:3)
241 creatures vanquished.

Vanquished Creatures (others)
  6 plants (D:3)
6 creatures vanquished.

Grand Total: 247 creatures vanquished

Notes
Turn   | Place    | Note
-------+----------+-------------------------------------------
     0 | D:1      | MisterFreud the Octopode Gladiator began the quest for the
                  | Orb.
     0 | D:1      | Reached XP level 1. HP: 14/14 MP: 1/1
   207 | D:1      | Reached XP level 2. HP: 20/20 MP: 2/2
   740 | D:2      | Noticed Jessica
   744 | D:2      | Killed Jessica
   744 | D:2      | Reached XP level 3. HP: 27/27 MP: 3/3
   972 | D:2      | Reached XP level 4. HP: 33/33 MP: 4/4
  1199 | D:2      | Noticed Sigmund
  1209 | D:2      | Killed Sigmund
  1209 | D:2      | Reached skill level 5 in Fighting
  1209 | D:2      | Reached XP level 5. HP: 22/39 MP: 5/5
  1209 | D:2      | Reached XP level 6. HP: 25/45 MP: 6/6
  1412 | D:2      | Found a runed translucent door.
  1413 | D:2      | Noticed Crazy Yiuf
  1482 | D:2      | Killed Crazy Yiuf
  1896 | D:3      | Noticed a hungry ghost
  1942 | D:3      | Killed a hungry ghost
  1942 | D:3      | Reached skill level 5 in Long Blades
  2618 | D:3      | Reached XP level 7. HP: 50/50 MP: 7/7
  2852 | D:3      | Found a shimmering blue altar of Sif Muna.
  3322 | D:3      | Found a transporter.
  3375 | D:3      | Found a transporter.
  3405 | D:3      | Noticed Hasart's ghost (amateur DEIE)
  3875 | D:4      | Found Fir Wirr's Magic Scroll Shoppe.
  3883 | D:4      | Noticed Edmund
  3900 | D:4      | You fall into a shaft and drop 3 floors!
  3940 | D:6      | Found Jouzaq's Antique Armour Shop.
  3963 | D:6      | Reached skill level 5 in Dodging
  4172 | D:5      | Entered Level 5 of the Dungeon
  4573 | D:5      | Reached XP level 8. HP: 39/54 MP: 8/8
  5513 | D:4      | Found a staircase to the Ecumenical Temple.
  5540 | Temple   | Entered the Ecumenical Temple
  6217 | D:4      | Bought a scroll of teleportation for 42 gold pieces
  6217 | D:4      | Bought a scroll of fear for 49 gold pieces
  6217 | D:4      | Bought a scroll of teleportation for 42 gold pieces
  6217 | D:4      | Bought a scroll of identify for 28 gold pieces
  6217 | D:4      | Bought a scroll of fear for 49 gold pieces
  6279 | D:4      | Noticed Menkaure
  6286 | D:4      | HP: 1/54 [Menkaure (21)]
  6287 | D:4      | Killed Menkaure
  6812 | D:4      | Killed Edmund
  6812 | D:4      | Reached XP level 9. HP: 60/60 MP: 9/9
  7157 | D:5      | Noticed Pikel
  7173 | D:4      | Killed Pikel
  7173 | D:4      | Reached skill level 10 in Dodging
  7356 | D:5      | Found a shadowy altar of Dithmenos.
  8061 | D:7      | Found a sparkling altar of Nemelex Xobeh.
  8561 | D:7      | Reached XP level 10. HP: 65/65 MP: 10/10
  8775 | D:7      | Reached skill level 10 in Long Blades
 10077 | D:8      | Found a snail-covered altar of Cheibriados.
 10092 | D:8      | Became a worshipper of Cheibriados the Contemplative
 10176 | D:8      | Found an ornate altar of the Wu Jian Council.
 10179 | D:8      | Found a shimmering altar of Xom.
 10182 | D:8      | Found a sacrificial altar of Ru.
 10198 | D:8      | Found an ancient bone altar of Kikubaaqudgha.
 10226 | D:8      | Found a hazy altar of Hepliaklqana.
 11017 | D:9      | Reached * piety under Cheibriados
 11456 | D:9      | Found a roughly hewn altar of Beogh.
 11464 | D:9      | Reached skill level 1 in Invocations
 11671 | D:8      | Noticed a skeletal warrior
 11672 | D:8      | Noticed a fire dragon
 11689 | D:8      | Killed a skeletal warrior
 11689 | D:8      | Reached skill level 5 in Invocations
 11690 | D:8      | Killed from afar by a fire dragon

Levels and vault maps discovered:
D:1:      sevenhm_arrival_forest_fort_large_2, layout_rooms,
          grunt_decor_fettered
D:2:      layout_basic, first_ration, uniq_crazy_yiuf_cottage, uniq_sigmund,
          uniq_jessica
D:3:      layout_loops_corners, old_standard_altar, serial_forest,
          infiniplex_forest_clump_long, infiniplex_forest_end_2,
          infiniplex_forest_corner_2, infiniplex_forest_straight_4,
          infiniplex_forest_lined_2, gammafunk_ghost_gnarly_gnolls,
          minmay_goblin_outpost
D:4:      layout_rooms, minmay_temple_entry_drinking_statues, serial_shops,
          shop, uniq_edmund, uniq_menkaure
D:5:      layout_gridville, grunt_dithmenos_shadows, hangedman_glass_teeth,
          uniq_pikel
D:6:      layout_loops_cross, serial_shops, shop_coins,
          minmay_misc_feat_enclosed, st_stairs_10
D:7:      layout_loops_corners, nemelex_xobeh_ov_fountains_minmay
D:8:      minmay_klotski, layout_basic, kiku_gazebo_pond_becter,
          grunt_temple_overflow_diamond, kennysheep_little_box, slow_altar_1
D:9:      layout_roguey [special_room_orc], grunt_livestock
Temple:   nicolae_temple_figure_eight

Skill      XL: |  1  2  3  4  5  6  7  8  9 10 |
---------------+-------------------------------+-----
Fighting       | 3 4 5 8 |  8.0
Long Blades    | 4 6 9 10 | 10.0
Dodging        | 6 9 10 | 10.0
Invocations    | 5 |  5.2
Throwing       | |  2.0

Action                   |  1- 3 |  4- 6 |  7- 9 | 10-12 || total
-------------------------+-------+-------+-------+-------++-------
Melee: Long sword        |    45 |    83 |   283 |   186 ||   597
       Constrict         |    16 |    21 |    64 |    47 ||   148
       Tentacles         |    11 |    19 |    83 |    48 ||   161
       Unarmed           |       |       |     5 |       ||     5
Evoke: Wand              |       |       |     2 |     4 ||     6
  Use: Potion            |       |       |     1 |     2 ||     3
       Scroll            |       |       |     5 |     1 ||     6
 Stab: Sleeping          |     3 |     2 |     8 |     6 ||    19
       Paralysed         |       |       |     8 |       ||     8
       Distracted        |       |       |       |     1 ||     1
  Eat: Chunk             |       |     5 |    12 |    10 ||    27
       Ration            |       |     1 |     2 |       ||     3
Armor: Skin              |    11 |    12 |    25 |     8 ||    56
Dodge: Dodged            |    27 |    48 |   202 |   161 ||   438
       Rpst.: Long sword |     5 |    17 |    68 |    34 ||   124

Table legend:
 A = Non-vault XP
 B = Vault XP
 C = Vault XP percentage of total XP
 D = Non-vault monster count
 E = Vault monster count
 F = Vault count percentage of total count
                 A         B        C        D         E       F
            +---------+---------+-------+---------+---------+-------
      Total |    6167 |    2766 |  31.0 |     205 |      34 |  14.2
            +---------+---------+-------+---------+---------+-------
        D:1 |      21 |       0 |   0.0 |      11 |       0 |   0.0
        D:2 |      44 |     302 |  87.3 |      19 |       3 |  13.6
        D:3 |     473 |      20 |   4.1 |      46 |      10 |  17.9
        D:4 |     822 |     962 |  53.9 |      27 |       3 |  10.0
        D:5 |     643 |      11 |   1.7 |      15 |       1 |   6.2
        D:6 |     541 |      59 |   9.8 |      10 |       2 |  16.7
        D:7 |    2106 |       0 |   0.0 |      47 |       0 |   0.0
        D:8 |     634 |    1353 |  68.1 |      19 |       8 |  29.6
        D:9 |     883 |      59 |   6.3 |      11 |       7 |  38.9
            +---------+---------+-------+---------+---------+-------
